[ AOE2 MATCH · #507835715 ]
UnrankedJapanese vs Sicilians
Player's team · WIN
Rival team · LOSS
[ REPLAY ANALYSIS · EXTRACTED FROM THE RECORDED GAME ]
Feudal
10:27
Castle
—
Imperial
—
| APM avg | 46.3 |
| APM peak | 74 |
| eAPM avg | 27.3 |
| Villagers / military | 39 / 26 |
Focus
⚔️ 37.6% · 🌾 62.4%
Militia ×26 · Fishing Ship ×12
Feudal
—
Castle
—
Imperial
—
| APM avg | 23.5 |
| APM peak | 70 |
| eAPM avg | 14.7 |
| Villagers / military | 33 / 0 |
Focus
⚔️ 17.9% · 🌾 82.1%
Match map
Initial resources + every placement click. Lines = walls · curves = elevation contours. ◆ gold · ⬟ stone · ● berries · ✦ relic · ◌ wall gap
Your base· Open — unwalled flank
PoopMaster's base· Open — unwalled flank
Smoothed initial terrain · ◌ = detected wall gap · hover for details
Inputs per minute
— [LSG] Jorgito Yoyo - - PoopMaster
Build order — [LSG] Jorgito Yoyo
111 actions detected in the replay
| 0:02 | Queue | Villager (Male) |
| 0:02 | Queue | Villager (Male) |
| 0:02 | Queue | Villager (Male) |
| 0:03 | Build | House |
| 0:04 | Build | House |
| 0:09 | Queue | Villager (Male) |
| 0:09 | Queue | Villager (Male) |
| 1:16 | Build | Lumber Camp |
| 1:25 | Build | Lumber Camp |
| 1:25 | Queue | Villager (Male) |
| 1:58 | Queue | Villager (Male) |
| 2:27 | Queue | Villager (Male) |
| 2:55 | Build | Dock |
| 3:07 | Queue | Villager (Male) |
| 3:23 | Queue | Villager (Male) |
| 3:40 | Queue | Fishing Ship |
| 3:54 | Queue | Villager (Male) |
| 4:04 | Build | House |
| 4:22 | Queue | Villager (Male) |
| 4:43 | Queue | Fishing Ship |
| 4:53 | Build | Palisade Wall |
| 4:55 | Build | Palisade Wall |
| 5:00 | Queue | Villager (Male) |
| 5:03 | Queue | Fishing Ship |
| 5:03 | Queue | Fishing Ship |
| 5:04 | Queue | Villager (Male) |
| 5:23 | Build | House |
| 5:27 | Build | House |
| 5:30 | Queue | Villager (Male) |
| 5:54 | Queue | Fishing Ship |
| 6:01 | Queue | Villager (Male) |
| 6:11 | Queue | Villager (Male) |
| 6:18 | Build | House |
| 6:22 | Queue | Villager (Male) |
| 6:38 | Queue | Fishing Ship |
| 6:59 | Build | Mining Camp |
| 7:00 | Queue | Villager (Male) |
| 7:12 | Queue | Villager (Male) |
| 7:22 | Queue | Villager (Male) |
| 7:23 | Research | Loom |
| 7:49 | Queue | Villager (Male) |
| 7:49 | Queue | Fishing Ship |
| 8:02 | Queue | Fishing Ship |
| 8:10 | Build | House |
| 8:18 | Research | Feudal Age |
| 8:52 | Build | Barracks |
| 9:15 | Queue | Villager (Male) |
| 9:40 | Queue | Militia |
| 9:40 | Queue | Militia |
| 9:40 | Queue | Militia |
| 10:00 | Build | Dock |
| 10:14 | Build | House |
| 10:17 | Build | Palisade Wall |
| 10:19 | Queue | Villager (Male) |
| 10:25 | Queue | Villager (Male) |
| 10:27 | Queue | Villager (Male) |
| 10:27 | Age | Feudal Age |
| 10:31 | Research | Man-at-Arms (upgrade) |
| 10:43 | Research | Double-Bit Axe |
| 10:47 | Queue | Militia |
| 11:40 | Build | Dock |
| 11:41 | Build | Palisade Wall |
| 11:44 | Build | Palisade Wall |
| 11:52 | Queue | Militia |
| 12:14 | Queue | Fishing Ship |
| 12:15 | Queue | Militia |
| 12:16 | Queue | Villager (Male) |
| 12:28 | Queue | Villager (Male) |
| 12:33 | Queue | Fishing Ship |
| 12:48 | Queue | Militia |
| 12:52 | Queue | Villager (Male) |
| 13:20 | Queue | Fishing Ship |
| 13:20 | Queue | Villager (Male) |
| 13:31 | Queue | Militia |
| 13:32 | Queue | Villager (Male) |
| 13:47 | Queue | Villager (Male) |
| 13:53 | Queue | Militia |
| 14:07 | Queue | Militia |
| 14:13 | Queue | Militia |
| 14:26 | Queue | Villager (Male) |
| 14:47 | Queue | Villager (Male) |
| 14:49 | Queue | Villager (Male) |
| 14:52 | Build | House |
| 14:55 | Build | House |
| 14:56 | Queue | Villager (Male) |
| 15:22 | Queue | Militia |
| 15:31 | Queue | Militia |
| 15:33 | Queue | Militia |
| 15:54 | Queue | Militia |
| 15:55 | Queue | Militia |
| 16:05 | Queue | Militia |
| 16:06 | Queue | Militia |
| 16:16 | Queue | Militia |
| 16:32 | Build | Town Center |
| 16:36 | Build | House |
| 16:48 | Queue | Militia |
| 17:01 | Queue | Militia |
| 17:34 | Queue | Militia |
| 17:45 | Build | Blacksmith |
| 17:46 | Queue | Militia |
| 18:01 | Queue | Villager (Male) |
| 18:02 | Queue | Villager (Male) |
| 18:14 | Queue | Fishing Ship |
| 18:16 | Queue | Militia |
| 18:30 | Build | House |
| 18:30 | Build | House |
| 18:31 | Build | House |
| 18:46 | Build | House |
| 18:57 | Queue | Villager (Male) |
| 18:58 | Queue | Militia |
| 19:13 | Queue | Militia |
Build order — PoopMaster
48 actions detected in the replay
| 0:03 | Queue | Villager (Male) ×4 |
| 0:08 | Build | House |
| 0:09 | Build | House |
| 0:11 | Build | House |
| 0:12 | Build | House |
| 1:39 | Queue | Villager (Male) |
| 1:55 | Build | Lumber Camp |
| 2:07 | Queue | Villager (Male) |
| 2:30 | Queue | Villager (Male) |
| 3:06 | Queue | Villager (Male) |
| 3:45 | Queue | Villager (Male) |
| 4:05 | Queue | Villager (Male) |
| 4:27 | Queue | Villager (Male) |
| 5:02 | Queue | Villager (Male) |
| 5:17 | Research | Loom |
| 5:31 | Build | Mill |
| 5:34 | Queue | Villager (Male) |
| 5:56 | Queue | Villager (Male) |
| 6:11 | Queue | Villager (Male) |
| 6:43 | Queue | Villager (Male) |
| 6:44 | Queue | Villager (Male) |
| 7:50 | Queue | Villager (Male) |
| 8:08 | Build | House |
| 8:19 | Queue | Villager (Male) |
| 8:52 | Build | Town Center |
| 9:24 | Queue | Villager (Male) |
| 9:25 | Queue | Villager (Male) |
| 9:48 | Queue | Villager (Male) |
| 10:36 | Queue | Villager (Male) |
| 10:58 | Queue | Villager (Male) |
| 11:12 | Queue | Villager (Male) |
| 11:23 | Build | Palisade Gate |
| 11:42 | Build | House |
| 11:43 | Build | House |
| 11:54 | Queue | Villager (Male) |
| 12:47 | Queue | Villager (Male) |
| 13:07 | Queue | Villager (Male) |
| 13:25 | Queue | Villager (Male) |
| 13:57 | Queue | Villager (Male) |
| 14:47 | Queue | Villager (Male) |
| 15:06 | Queue | Villager (Male) |
| 16:59 | Build | Town Center |
| 17:35 | Build | Mill |
| 18:04 | Build | Lumber Camp |
| 18:11 | Queue | Villager (Male) |
| 18:38 | Build | Dock |
| 19:02 | Build | Palisade Wall |
| 19:03 | Build | Palisade Wall |
Match timeline
| 2:55 | [LSG] Jorgito Yoyo · first_building Dock |
| 4:53 | [LSG] Jorgito Yoyo · wall_segment Palisade Wall x1 |
| 4:55 | [LSG] Jorgito Yoyo · wall_segment Palisade Wall x1 |
| 8:52 | [LSG] Jorgito Yoyo · first_building Barracks |
| 10:17 | [LSG] Jorgito Yoyo · wall_segment Palisade Wall x7 |
| 10:27 | [LSG] Jorgito Yoyo · age_up feudal |
| 11:41 | [LSG] Jorgito Yoyo · wall_segment Palisade Wall x1 |
| 11:44 | [LSG] Jorgito Yoyo · wall_segment Palisade Wall x1 |
| 18:38 | PoopMaster · first_building Dock |
| 19:02 | PoopMaster · wall_segment Palisade Wall x1 |
| 19:03 | PoopMaster · wall_segment Palisade Wall x1 |
| 19:15 | PoopMaster · resign |
[ AI ANALYSIS · 1 CREDIT ]
What really happened in this match?
Wolo.gg analyzes every decision: build order, eco, micro, common mistakes by bracket. Personalized analysis on WhatsApp or Discord in 30 seconds.
Civ guide
Japanese
Perfil
Jugador #5709457